[Event "38th Barczay Memorial 2019"]
[Site "Zalakaros"]
[Date "2019.05.26"]
[Round "4.3"]
[White "Srinath, Rao S.V."]
[Black "Varga, Zoltan"]
[Result "1-0"]
[ECO "B04"]
[WhiteElo "2395"]
[BlackElo "2457"]
[Annotator "ChessBase"]
[PlyCount "153"]
[EventDate "2019.05.23"]
[EventType "swiss"]
[EventCountry "HUN"]
[SourceTitle "playchess.com"]
[Source "ChessBase"]
[SourceQuality "1"]
[TimeControl "40/5400+30:1800+30"]

1. e4 Nf6 2. e5 Nd5 3. d4 d6 4. Nf3 dxe5 5. Nxe5 c6 6. Be2 Bf5 7. O-O Nd7 8. Nf3 e6 9. c4 N5f6 10. Nc3 Bb4 11. Qb3 a5 12. Na4 b6 13. Bg5 Qc7 14. Bxf6 gxf6 15. Nh4 Bg6 16. d5 Nc5 17. Nxc5 Bxc5 18. Qf3 Ke7 19. Rae1 Bb4 20. Rd1 Qe5 21. dxe6 Be4 22. Qe3 Bc5 23. Qh6 Qg5 24. Qxg5 fxg5 25. Bf3 Bxf3 26. Nxf3 f6 27. Rd7+ Kxe6 28. Rfd1 h5 29. R7d3 Rac8 30. h4 Kf5 31. Rd7 Rhe8 32. hxg5 fxg5 33. Rf7+ Kg6 34. Rdd7 Bf8 35. Rc7 Rxc7 36. Rxc7 Re6 37. Rxc6 Rxc6 38. Ne5+ Kf5 39. Nxc6 Bc5 40. Kf1 g4 41. g3 Kg5 42. Ke2 h4 43. gxh4+ Kxh4 44. Ne5 Bd4 45. Nd3 Kg5 46. b3 Kf5 47. Ne1 Ke4 48. f3+ gxf3+ 49. Nxf3 Bf6 50. Ne1 Kd4 51. Kd2 a4 52. Nc2+ Kc5 53. Kd3 axb3 54. axb3 Bb2 55. b4+ Kd6 56. Nd4 Ba1 57. Ke4 Bb2 58. Nb5+ Kc6 59. Kf5 Bg7 60. Ke6 Bf8 61. Nd4+ Kb7 62. b5 Bc5 63. Nb3 Be3 64. Kd7 Bg1 65. Nd2 Bf2 66. Ne4 Be3 67. Nd6+ Kb8 68. Kc6 Bc5 69. Ne8 Bg1 70. Nc7 Bf2 71. Na6+ Ka7 72. Kc7 Bg3+ 73. Kc8 Bf2 74. Nb8 Bg1 75. Nc6+ Ka8 76. Kc7 Bf2 77. Ne7 1-0

[Event "38th Barczay Memorial 2019"]
[Site "Zalakaros"]
[Date "2019.05.26"]
[Round "4.5"]
[White "Radovanovic, Jovica"]
[Black "Gschnitzer, Adrian"]
[Result "0-1"]
[ECO "A46"]
[WhiteElo "2306"]
[BlackElo "2419"]
[Annotator "NA"]
[PlyCount "78"]
[EventDate "2019.05.23"]
[EventType "swiss"]
[EventCountry "HUN"]
[SourceTitle "playchess.com"]
[Source "ChessBase"]
[SourceQuality "1"]
[TimeControl "40/5400+30:1800+30"]

1. d4 Nf6 2. Nf3 c5 3. c3 d5 4. a3 e6 5. Bf4 Nc6 6. b4 c4 7. g3 Ne4 8. Bg2 g5 9. Be3 Bg7 10. Qc1 h6 11. h4 f6 12. Nbd2 Nd6 13. a4 Bd7 14. Qc2 Qe7 15. hxg5 hxg5 16. Qg6+ Qf7 17. Rxh8+ Bxh8 18. Qxf7+ Kxf7 19. g4 Ne7 20. Kd1 Bg7 21. Kc2 Rh8 22. a5 Ng6 23. Rh1 Rxh1 24. Bxh1 Nf4 25. Bxf4 gxf4 26. Nh4 Bh6 27. Bf3 Bc6 28. Bg2 a6 29. Bf3 Bg5 30. Ng2 e5 31. dxe5 fxe5 32. e3 e4 33. exf4 exf3 34. Nxf3 Bf6 35. Ne5+ Bxe5 36. fxe5 Ne4 37. f4 Nf2 38. g5 d4 39. cxd4 Bxg2 0-1

[Event "38th Barczay Memorial 2019"]
[Site "Zalakaros"]
[Date "2019.05.26"]
[Round "4.6"]
[White "Horvath, Adam"]
[Black "Peczely, Sebastian Zsombor"]
[Result "1-0"]
[ECO "C88"]
[WhiteElo "2531"]
[BlackElo "2245"]
[Annotator "ChessBase"]
[PlyCount "117"]
[EventDate "2019.05.23"]
[EventType "swiss"]
[EventCountry "HUN"]
[SourceTitle "playchess.com"]
[Source "ChessBase"]
[SourceQuality "1"]
[TimeControl "40/5400+30:1800+30"]

1. e4 e5 2. Nf3 Nc6 3. Bb5 a6 4. Ba4 Nf6 5. O-O Be7 6. Re1 b5 7. Bb3 d6 8. a4 b4 9. a5 O-O 10. d3 Bg4 11. c3 Rb8 12. Nbd2 Qc8 13. h3 Bh5 14. Bc4 Nd8 15. d4 Ne6 16. dxe5 dxe5 17. Nf1 Bxf3 18. Qxf3 Ne8 19. Qe2 Nc5 20. Bd2 bxc3 21. Bxc3 Nd6 22. Bd5 Bf6 23. Ng3 g6 24. b4 Nb5 25. Qf3 Nxc3 26. Qxc3 Ne6 27. Ne2 Kg7 28. Rec1 Re8 29. Rab1 Re7 30. Qc4 Nf4 31. Nxf4 exf4 32. Qd3 Be5 33. Rc6 Bd6 34. Rb3 f6 35. Rxa6 Bxb4 36. Qd4 Bd6 37. Rxb8 Qxb8 38. Qd3 Qb4 39. Ra8 Qe1+ 40. Qf1 Qxf1+ 41. Kxf1 c6 42. Bxc6 Bc5 43. Rc8 f5 44. f3 Be3 45. a6 fxe4 46. fxe4 Kf6 47. Ke2 h5 48. Bd5 g5 49. Rc3 Bg1 50. Rc6+ Kg7 51. Kf3 Be3 52. Be6 Bd4 53. Bf5 Kf7 54. h4 gxh4 55. Kxf4 Kf8 56. Rc4 Be5+ 57. Kg5 Ra7 58. Rc6 Rg7+ 59. Bg6 1-0

[Event "38th Barczay Memorial 2019"]
[Site "Zalakaros"]
[Date "2019.05.26"]
[Round "4.7"]
[White "Horvath, Jozsef"]
[Black "Ianov, Viktor"]
[Result "1-0"]
[ECO "E62"]
[WhiteElo "2451"]
[BlackElo "2298"]
[Annotator "ChessBase"]
[PlyCount "71"]
[EventDate "2019.05.23"]
[EventType "swiss"]
[EventCountry "HUN"]
[SourceTitle "playchess.com"]
[Source "ChessBase"]
[SourceQuality "1"]
[TimeControl "40/5400+30:1800+30"]

1. d4 d6 2. c4 Nf6 3. Nc3 g6 4. g3 Bg7 5. Bg2 O-O 6. Nf3 c6 7. O-O Bf5 8. Ne1 Qc8 9. e4 Bh3 10. f3 Bxg2 11. Kxg2 Nbd7 12. Be3 Rd8 13. Rc1 b6 14. Nd3 Qb7 15. Rf2 Rac8 16. Rfc2 a6 17. a4 a5 18. Qe2 e5 19. d5 c5 20. Rf1 Rf8 21. f4 exf4 22. Bxf4 Ne8 23. Nb5 Qb8 24. Qg4 Rd8 25. Bg5 h5 26. Qh4 f6 27. Bc1 Ne5 28. Nxe5 dxe5 29. g4 Qc8 30. gxh5 g5 31. Qh3 g4 32. Qh4 f5 33. Bg5 Nf6 34. h6 f4 35. hxg7 Kxg7 36. Qh6+ 1-0

[Event "38th Barczay Memorial 2019"]
[Site "Zalakaros"]
[Date "2019.05.26"]
[Round "4.8"]
[White "Doric, Nenad"]
[Black "Meszaros, Tamas"]
[Result "1/2-1/2"]
[ECO "E42"]
[WhiteElo "2262"]
[BlackElo "2385"]
[Annotator "NA"]
[PlyCount "45"]
[EventDate "2019.05.23"]
[EventType "swiss"]
[EventCountry "HUN"]
[SourceTitle "playchess.com"]
[Source "ChessBase"]
[SourceQuality "1"]
[TimeControl "40/5400+30:1800+30"]

1. d4 Nf6 2. c4 e6 3. Nc3 Bb4 4. e3 c5 5. Nge2 cxd4 6. exd4 O-O 7. a3 Be7 8. Nf4 d6 9. Be2 e5 10. dxe5 dxe5 11. Nfd5 Nxd5 12. cxd5 Na6 13. Be3 Bf5 14. O-O Nc7 15. Qb3 b6 16. f3 Bg5 17. Bf2 Qd6 18. Ne4 Bxe4 19. fxe4 Qg6 20. Qc3 Ne8 21. Qxe5 Nd6 22. Bf3 Rae8 23. Qg3 1/2-1/2

[Event "38th Barczay Memorial 2019"]
[Site "Zalakaros"]
[Date "2019.05.26"]
[Round "4.9"]
[White "Videki, Sandor"]
[Black "Horak, Jiri"]
[Result "1/2-1/2"]
[ECO "D31"]
[WhiteElo "2383"]
[BlackElo "2226"]
[Annotator "NA"]
[PlyCount "88"]
[EventDate "2019.05.23"]
[EventType "swiss"]
[EventCountry "HUN"]
[SourceTitle "playchess.com"]
[Source "ChessBase"]
[SourceQuality "1"]
[TimeControl "40/5400+30:1800+30"]

1. c4 e6 2. Nc3 d5 3. d4 Be7 4. Nf3 Nf6 5. g3 O-O 6. Bg2 Nbd7 7. O-O c6 8. Nd2 b6 9. e4 dxe4 10. Ndxe4 Bb7 11. Qc2 Nxe4 12. Nxe4 Nf6 13. Rd1 Nxe4 14. Bxe4 g6 15. Be3 Bf6 16. a4 Qc7 17. a5 bxa5 18. Qc3 c5 19. Bxb7 Qxb7 20. Rxa5 cxd4 21. Bxd4 Rfd8 22. Raa1 Rxd4 23. Rxd4 Bxd4 24. Qxd4 Rb8 25. Rxa7 Qxb2 26. Qf4 Rb7 27. Rxb7 Qxb7 28. h4 h5 29. Qd4 Qc7 30. c5 Kf8 31. Qb4 Ke8 32. Qb5+ Ke7 33. Kh2 e5 34. Kg1 Ke6 35. Qc4+ Kf6 36. Qd5 Ke7 37. Kg2 f6 38. Kg1 Qd7 39. Qg8 Qe8 40. Qd5 Qd7 41. Qe4 Kf7 42. Kg2 Qc7 43. Qd5+ Ke7 44. Kg1 Qd7 1/2-1/2

[Event "38th Barczay Memorial 2019"]
[Site "Zalakaros"]
[Date "2019.05.26"]
[Round "4.10"]
[White "Tompa, Janos"]
[Black "Bereczki, Janos"]
[Result "1-0"]
[ECO "B11"]
[WhiteElo "2356"]
[BlackElo "2090"]
[Annotator "NA"]
[PlyCount "59"]
[EventDate "2019.05.23"]
[EventType "swiss"]
[EventCountry "HUN"]
[SourceTitle "playchess.com"]
[Source "ChessBase"]
[SourceQuality "1"]
[TimeControl "40/5400+30:1800+30"]

1. e4 c6 2. Nc3 d5 3. Nf3 Bg4 4. h3 Bxf3 5. Qxf3 e6 6. d3 Qb6 7. a3 Nf6 8. g3 Nbd7 9. Bg2 Be7 10. O-O d4 11. Nb1 O-O 12. Qe2 e5 13. Nd2 Ne8 14. f4 f6 15. Nf3 g6 16. h4 Qc7 17. h5 Ng7 18. hxg6 hxg6 19. Nh4 g5 20. Ng6 Qd6 21. Nxf8 Nxf8 22. fxg5 fxg5 23. Bf3 Qg6 24. Bg4 Rd8 25. Bd2 Nh7 26. Kg2 b6 27. Rf2 Rf8 28. Rxf8+ Nxf8 29. Rf1 Ne8 30. Bh5 1-0

[Event "38th Barczay Memorial 2019"]
[Site "Zalakaros"]
[Date "2019.05.26"]
[Round "4.11"]
[White "Czebe, Attila"]
[Black "Konyves, Almos"]
[Result "1-0"]
[ECO "C77"]
[WhiteElo "2427"]
[BlackElo "2125"]
[Annotator "NA"]
[PlyCount "85"]
[EventDate "2019.05.23"]
[EventType "swiss"]
[EventCountry "HUN"]
[SourceTitle "playchess.com"]
[Source "ChessBase"]
[SourceQuality "1"]
[TimeControl "40/5400+30:1800+30"]

1. e4 e5 2. Nf3 Nc6 3. Bb5 a6 4. Ba4 Nf6 5. Nc3 b5 6. Bb3 Be7 7. d3 d6 8. a3 O-O 9. h3 Nd4 10. Nxd4 exd4 11. Ne2 c5 12. O-O Bb7 13. Ng3 Rc8 14. Re1 Re8 15. Bg5 h6 16. Bxf6 Bxf6 17. Bd5 Bxd5 18. exd5 g6 19. Qd2 Bg5 20. Rxe8+ Qxe8 21. Qa5 Ra8 22. Qc7 Qd8 23. Qc6 Be7 24. a4 b4 25. Re1 Kf8 26. Qb7 Rb8 27. Qxa6 b3 28. cxb3 Rxb3 29. Re2 Qb8 30. Nf1 Rxb2 31. Rxb2 Qxb2 32. a5 Qa1 33. Qc8+ Kg7 34. a6 Bg5 35. Qb7 c4 36. a7 c3 37. a8=Q Qxa8 38. Qxa8 c2 39. h4 Bd2 40. Nxd2 c1=Q+ 41. Nf1 Qf4 42. g3 Qf5 43. Qc6 1-0

[Event "38th Barczay Memorial 2019"]
[Site "Zalakaros"]
[Date "2019.05.27"]
[Round "5.5"]
[White "Bagi, Mate"]
[Black "Tompa, Janos"]
[Result "1-0"]
[ECO "B81"]
[WhiteElo "2450"]
[BlackElo "2356"]
[Annotator "ChessBase"]
[PlyCount "51"]
[EventDate "2019.05.23"]
[EventType "swiss"]
[EventCountry "HUN"]
[SourceTitle "playchess.com"]
[Source "ChessBase"]
[SourceQuality "1"]
[TimeControl "40/5400+30:1800+30"]

1. e4 c5 2. Nf3 e6 3. d4 cxd4 4. Nxd4 Nf6 5. Nc3 d6 6. g4 h6 7. h4 Nc6 8. Rg1 d5 9. exd5 Nxd5 10. Nxd5 Qxd5 11. Bg2 Qa5+ 12. Bd2 Qb6 13. Nxc6 bxc6 14. Qf3 Bd7 15. O-O-O Bc5 16. Bc3 Bxf2 17. Rxd7 Qe3+ 18. Rd2 Qxf3 19. Bxf3 Bxg1 20. Bxc6+ Kf8 21. Bb4+ Kg8 22. Bxa8 Be3 23. Be4 h5 24. g5 f6 25. g6 f5 26. Bc6 1-0

[Event "38th Barczay Memorial 2019"]
[Site "Zalakaros"]
[Date "2019.05.27"]
[Round "5.9"]
[White "Meszaros, Tamas"]
[Black "Suta, Andraz"]
[Result "0-1"]
[ECO "C50"]
[WhiteElo "2385"]
[BlackElo "2175"]
[Annotator "NA RC"]
[PlyCount "100"]
[EventDate "2019.05.23"]
[EventType "swiss"]
[EventCountry "HUN"]
[SourceTitle "playchess.com"]
[Source "ChessBase"]
[SourceQuality "1"]
[TimeControl "40/5400+30:1800+30"]

1. e4 e5 2. Nf3 Nc6 3. Bc4 Bc5 4. O-O Nf6 5. d3 d6 6. a4 a5 7. c3 Ba7 8. Na3 Ne7 9. Nc2 O-O 10. Ne3 Ng6 11. Qc2 c6 12. d4 d5 13. dxe5 dxc4 14. exf6 Qxf6 15. Nxc4 Bg4 16. Nd4 b5 17. axb5 cxb5 18. Ne3 Bd7 19. Rxa5 b4 20. Rd1 Ne5 21. Nd5 Qd8 22. cxb4 Rc8 23. Qb1 Bxd4 24. Rxd4 Nc6 25. Rd1 Nxa5 26. bxa5 Ba4 27. b3 Rb8 28. Bb2 Rxb3 29. Qa1 Rxb2 30. Qxa4 Qb8 31. Nb6 Rd8 32. Rf1 Qa7 33. Nd5 Rdb8 34. Qa1 Re2 35. Qe5 Rxf2 36. Qxb8+ Qxb8 37. Kxf2 Qa7+ 38. Kg3 Qxa5 39. Rf4 Qe1+ 40. Kh3 g6 41. Nf6+ Kg7 42. Ne8+ Kf8 43. Nd6 f6 44. Rxf6+ Ke7 45. Rf7+ Kxd6 46. Rxh7 Qxe4 47. Rh4 Qd3+ 48. Kg4 Ke5 49. Rh8 Qf5+ 50. Kg3 g5 0-1

[Event "38th Barczay Memorial 2019"]
[Site "Zalakaros"]
[Date "2019.05.27"]
[Round "5.10"]
[White "Dobai, Szabolcs"]
[Black "Videki, Sandor"]
[Result "0-1"]
[ECO "A20"]
[WhiteElo "2192"]
[BlackElo "2383"]
[Annotator "NA RC"]
[PlyCount "66"]
[EventDate "2019.05.23"]
[EventType "swiss"]
[EventCountry "HUN"]
[SourceTitle "playchess.com"]
[Source "ChessBase"]
[SourceQuality "1"]
[TimeControl "40/5400+30:1800+30"]

1. c4 e5 2. g3 Nf6 3. Bg2 c6 4. Nf3 d6 5. Nc3 Nbd7 6. O-O Be7 7. d3 O-O 8. Rb1 a5 9. a3 d5 10. cxd5 cxd5 11. d4 e4 12. Nh4 Nb6 13. f3 exf3 14. Bxf3 Bh3 15. Re1 Rc8 16. Qd3 Qd7 17. Bf4 h6 18. Bg2 g5 19. Bxh3 Qxh3 20. Nf5 Rfe8 21. Bd2 Ng4 22. Qf3 Qxh2+ 23. Kf1 Qh3+ 24. Kg1 Bf8 25. Qh1 Qxh1+ 26. Kxh1 Nc4 27. Bc1 Nxa3 28. bxa3 Rxc3 29. Bd2 Rxa3 30. Rxb7 Ra2 31. Bc3 Nf2+ 32. Kg1 Ne4 33. Rc7 Nxc3 0-1

[Event "38th Barczay Memorial 2019"]
[Site "Zalakaros"]
[Date "2019.05.27"]
[Round "5.11"]
[White "Krstulovic, Alex"]
[Black "Geher, Koppany"]
[Result "1-0"]
[ECO "A88"]
[WhiteElo "2368"]
[BlackElo "2113"]
[Annotator "NA"]
[PlyCount "105"]
[EventDate "2019.05.23"]
[EventType "swiss"]
[EventCountry "HUN"]
[SourceTitle "playchess.com"]
[Source "ChessBase"]
[SourceQuality "1"]
[TimeControl "40/5400+30:1800+30"]

1. d4 f5 2. g3 Nf6 3. Bg2 g6 4. Nf3 Bg7 5. O-O O-O 6. c4 d6 7. Nc3 c6 8. d5 e5 9. dxe6 Bxe6 10. b3 Na6 11. Nd4 Bd7 12. Bb2 Qe7 13. e3 Rad8 14. Qe2 Nc5 15. Rfd1 Rfe8 16. Rac1 h6 17. Qc2 Nfe4 18. Re1 Bc8 19. Rcd1 Qf7 20. Bf1 Rf8 21. Nce2 Nd7 22. f3 Nef6 23. Bg2 Rfe8 24. Nc3 Nc5 25. Ba3 Kh7 26. Rd2 Re7 27. Nxc6 bxc6 28. Bxc5 Qe8 29. Bd4 Bb7 30. b4 d5 31. Bc5 Re6 32. cxd5 Nxd5 33. Nxd5 cxd5 34. Red1 Rc8 35. Qb3 Bf8 36. Bd4 Rc4 37. a3 Bc6 38. Qb2 Ba4 39. Re1 Rec6 40. Be5 Rc2 41. Rxc2 Rxc2 42. Qd4 Qd7 43. f4 Bc6 44. Rd1 a5 45. Bxd5 Bxd5 46. Qxd5 Qxd5 47. Rxd5 axb4 48. Rd8 Kg8 49. Bd6 Rc1+ 50. Kg2 Rc2+ 51. Kf3 bxa3 52. Rxf8+ Kg7 53. Bxa3 1-0

[Event "38th Barczay Memorial 2019"]
[Site "Zalakaros"]
[Date "2019.05.28"]
[Round "6.1"]
[White "Bokros, Albert"]
[Black "Almasi, Istvan"]
[Result "1/2-1/2"]
[ECO "C07"]
[WhiteElo "2461"]
[BlackElo "2407"]
[Annotator "RC"]
[PlyCount "20"]
[EventDate "2019.05.23"]
[EventType "swiss"]
[EventCountry "HUN"]
[SourceTitle "playchess.com"]
[Source "ChessBase"]
[SourceQuality "1"]
[TimeControl "40/5400+30:1800+30"]

1. e4 e6 2. d4 d5 3. Nd2 c5 4. exd5 Qxd5 5. Ngf3 cxd4 6. Bc4 Qd8 7. Nb3 Nc6 8. Nbxd4 Nxd4 9. Qxd4 Qxd4 10. Nxd4 Bd7 1/2-1/2

[Event "38th Barczay Memorial 2019"]
[Site "Zalakaros"]
[Date "2019.05.28"]
[Round "6.10"]
[White "Tompa, Janos"]
[Black "Fucak, Emilio Milko"]
[Result "1/2-1/2"]
[ECO "C03"]
[WhiteElo "2356"]
[BlackElo "2180"]
[Annotator "ChessBase"]
[PlyCount "81"]
[EventDate "2019.05.23"]
[EventType "swiss"]
[EventCountry "HUN"]
[SourceTitle "playchess.com"]
[Source "ChessBase"]
[SourceQuality "1"]
[TimeControl "40/5400+30:1800+30"]

1. e4 e6 2. d4 d5 3. Nd2 Be7 4. Bd3 c5 5. dxc5 Bxc5 6. Ngf3 Nf6 7. Qe2 Nc6 8. O-O Qc7 9. c4 dxe4 10. Nxe4 Nxe4 11. Bxe4 Bd7 12. Be3 Bxe3 13. Qxe3 h6 14. Qa3 a5 15. Rfd1 Nb4 16. Qc3 O-O 17. Ne5 Bc6 18. Nxc6 Nxc6 19. Rd2 Rfd8 20. Rad1 Rxd2 21. Rxd2 Rd8 22. Rxd8+ Qxd8 23. g3 f5 24. Bxc6 bxc6 25. Qe5 Kf7 26. b3 g5 27. h3 h5 28. Kg2 h4 29. gxh4 gxh4 30. Qf4 Kg6 31. a3 c5 32. Qe5 Qa8+ 33. Kg1 Qc6 34. Qh8 Qd6 35. Qg8+ Kf6 36. Qh8+ Kg6 37. Qg8+ Kf6 38. Kg2 Qc6+ 39. Kg1 Qd6 40. Kg2 Qc6+ 41. Kg1 1/2-1/2

[Event "38th Barczay Memorial 2019"]
[Site "Zalakaros"]
[Date "2019.05.28"]
[Round "6.11"]
[White "Ianov, Viktor"]
[Black "Pasti, Aron"]
[Result "1-0"]
[ECO "A05"]
[WhiteElo "2298"]
[BlackElo "2164"]
[Annotator "ChessBase"]
[PlyCount "101"]
[EventDate "2019.05.23"]
[EventType "swiss"]
[EventCountry "HUN"]
[SourceTitle "playchess.com"]
[Source "ChessBase"]
[SourceQuality "1"]
[TimeControl "40/5400+30:1800+30"]

1. Nf3 Nf6 2. g3 g6 3. b3 Bg7 4. Bb2 O-O 5. Bg2 d5 6. c4 c6 7. O-O Bf5 8. d3 Nbd7 9. Nd4 e5 10. Nxf5 gxf5 11. cxd5 cxd5 12. Nd2 Qe7 13. Nf3 Rfd8 14. Rc1 Ne8 15. Nh4 Qe6 16. Bh3 Nd6 17. e4 dxe4 18. dxe4 Nb6 19. Qe2 Qh6 20. Bxf5 Bf6 21. Qg4+ Qg5 22. Qh3 Qh6 23. Rfd1 Bxh4 24. gxh4 Qf4 25. Qg3+ Qxg3+ 26. hxg3 Nxf5 27. exf5 f6 28. Kg2 Rac8 29. Rxc8 Rxc8 30. Rd2 Kf7 31. Kf3 Rc7 32. Ke4 Nd7 33. Ba3 Nb8 34. g4 h6 35. f4 Nc6 36. fxe5 Nxe5 37. g5 Ng4 38. g6+ Ke8 39. h5 Ne5 40. Rg2 Rc8 41. Bb2 Nd7 42. Bd4 Kf8 43. Rd2 Rc7 44. Be3 Kg7 45. Rd6 Ne5 46. Bxa7 Rc2 47. Bd4 Rxa2 48. Bxe5 Re2+ 49. Kf4 Rxe5 50. Rd7+ Kg8 51. Rxb7 1-0

[Event "38th Barczay Memorial 2019"]
[Site "Zalakaros"]
[Date "2019.05.29"]
[Round "7.5"]
[White "Radovanovic, Jovica"]
[Black "Horvath, Adam"]
[Result "1-0"]
[ECO "A40"]
[WhiteElo "2306"]
[BlackElo "2531"]
[Annotator "RC"]
[PlyCount "81"]
[EventDate "2019.05.23"]
[EventType "swiss"]
[EventCountry "HUN"]
[SourceTitle "playchess.com"]
[Source "ChessBase"]
[SourceQuality "1"]
[TimeControl "40/5400+30:1800+30"]

1. d4 Nf6 2. c4 e6 3. g3 Bb4+ 4. Bd2 a5 5. Bg2 O-O 6. Nf3 b6 7. Nc3 Bb7 8. O-O d6 9. Qc2 Nbd7 10. Rad1 Bxc3 11. Bxc3 Be4 12. Qc1 Qb8 13. Qf4 b5 14. b3 Qb7 15. Bh3 b4 16. Bb2 a4 17. Qe3 a3 18. Bc1 Rfe8 19. Bd2 h6 20. Be1 Rad8 21. Nd2 Bg6 22. Bg2 c6 23. Nf3 Bc2 24. Rc1 Be4 25. c5 d5 26. Ne5 Qb5 27. Nc4 Ng4 28. Qf4 Bxg2 29. Kxg2 dxc4 30. bxc4 Qa4 31. Qxg4 e5 32. e3 exd4 33. exd4 b3 34. axb3 Qxb3 35. Qf3 Qa4 36. Bc3 Rb8 37. Ba1 Rb3 38. Qf5 Nf8 39. d5 Rb4 40. Rfe1 Rd8 41. Re7 1-0

[Event "38th Barczay Memorial 2019"]
[Site "Zalakaros"]
[Date "2019.05.30"]
[Round "8.1"]
[White "Czebe, Attila"]
[Black "Videki, Sandor"]
[Result "0-1"]
[ECO "A06"]
[WhiteElo "2427"]
[BlackElo "2383"]
[Annotator "ChessBase"]
[PlyCount "76"]
[EventDate "2019.05.23"]
[EventType "swiss"]
[EventCountry "HUN"]
[SourceTitle "playchess.com"]
[Source "ChessBase"]
[SourceQuality "1"]
[TimeControl "40/5400+30:1800+30"]

1. Nf3 d5 2. g3 g6 3. c4 dxc4 4. Na3 Bg7 5. Nxc4 Nc6 6. Bg2 e5 7. O-O Nge7 8. d3 h6 9. Rb1 a5 10. b3 O-O 11. Bb2 f6 12. Qd2 Be6 13. Rfd1 Qc8 14. Rbc1 Rd8 15. Qe1 a4 16. b4 b5 17. Na3 Rb8 18. Nh4 Na7 19. d4 Bxa2 20. dxe5 fxe5 21. Rc5 Qe6 22. Rxc7 Nac6 23. Rc1 Rd6 24. Be4 Bd5 25. Bb1 g5 26. e4 Bb3 27. Nf5 Rd7 28. Rxd7 Qxd7 29. Bc2 Nd4 30. Nxe7+ Qxe7 31. Bxd4 exd4 32. Bd3 Bf8 33. Rc5 Qg7 34. Rc6 Qe5 35. Qe2 Bxb4 36. Nxb5 Bf8 37. Bc4+ Kh8 38. Re6 Bxc4 0-1

[Event "38th Barczay Memorial 2019"]
[Site "Zalakaros"]
[Date "2019.05.30"]
[Round "8.3"]
[White "Bokros, Albert"]
[Black "Varga, Zoltan"]
[Result "1-0"]
[ECO "B07"]
[WhiteElo "2461"]
[BlackElo "2457"]
[Annotator "ChessBase"]
[PlyCount "63"]
[EventDate "2019.05.23"]
[EventType "swiss"]
[EventCountry "HUN"]
[SourceTitle "playchess.com"]
[Source "ChessBase"]
[SourceQuality "1"]
[TimeControl "40/5400+30:1800+30"]

1. e4 d6 2. d4 Nf6 3. Nc3 Nbd7 4. g3 e5 5. Nge2 c6 6. a4 Be7 7. Bg2 O-O 8. O-O Re8 9. h3 Bf8 10. Be3 exd4 11. Bxd4 Nc5 12. f3 a5 13. Qd2 Nfd7 14. Rad1 Qc7 15. b3 b6 16. Bf2 Ba6 17. Rfe1 Rac8 18. Nd4 g6 19. g4 Bg7 20. Bg3 Nb7 21. Kh2 Ndc5 22. f4 Qe7 23. e5 d5 24. f5 Qd7 25. Qf4 Kh8 26. Nf3 Nd8 27. h4 Qb7 28. h5 gxh5 29. gxh5 h6 30. Bh4 Rg8 31. Bh3 Bf8 32. Rg1 1-0

[Event "38th Barczay Memorial 2019"]
[Site "Zalakaros"]
[Date "2019.05.30"]
[Round "8.4"]
[White "Srinath, Rao S.V."]
[Black "Radovanovic, Jovica"]
[Result "1/2-1/2"]
[ECO "B22"]
[WhiteElo "2395"]
[BlackElo "2306"]
[Annotator "ChessBase"]
[PlyCount "81"]
[EventDate "2019.05.23"]
[EventType "swiss"]
[EventCountry "HUN"]
[SourceTitle "playchess.com"]
[Source "ChessBase"]
[SourceQuality "1"]
[TimeControl "40/5400+30:1800+30"]

1. e4 c5 2. c3 d5 3. exd5 Qxd5 4. d4 g6 5. Nf3 Bg7 6. Na3 cxd4 7. Nb5 Na6 8. cxd4 Nf6 9. Be2 O-O 10. O-O Bf5 11. Bf4 Rfc8 12. Nc3 Qa5 13. Qb3 Qb6 14. Ne5 Qxb3 15. axb3 Nb4 16. Bf3 Nc6 17. Nxc6 bxc6 18. Rfe1 Be6 19. Ra5 Nd5 20. Be5 Bxe5 21. Rxe5 Rab8 22. Bxd5 cxd5 23. Ra3 Rb4 24. h3 Rxd4 25. Rxa7 Kf8 26. Ra5 Rd8 27. Ra4 Rxa4 28. bxa4 d4 29. Ne4 d3 30. Nd2 Rb8 31. Re3 Rxb2 32. Rxd3 Ra2 33. Rd4 Kg7 34. Ne4 Bf5 35. Nc3 Ra1+ 36. Kh2 Bc2 37. Rd7 Ra3 38. Rc7 Bxa4 39. Nxa4 Rxa4 40. Rxe7 h5 41. g3 1/2-1/2

[Event "38th Barczay Memorial 2019"]
[Site "Zalakaros"]
[Date "2019.05.30"]
[Round "8.5"]
[White "Doric, Nenad"]
[Black "Bagi, Mate"]
[Result "1/2-1/2"]
[ECO "C68"]
[WhiteElo "2262"]
[BlackElo "2450"]
[Annotator "ChessBase"]
[PlyCount "37"]
[EventDate "2019.05.23"]
[EventType "swiss"]
[EventCountry "HUN"]
[SourceTitle "playchess.com"]
[Source "ChessBase"]
[SourceQuality "1"]
[TimeControl "40/5400+30:1800+30"]

1. e4 e5 2. Nf3 Nc6 3. Bb5 a6 4. Bxc6 dxc6 5. O-O Bg4 6. h3 h5 7. d3 Qf6 8. Be3 Bxf3 9. Qxf3 Qxf3 10. gxf3 Bd6 11. Nd2 Ne7 12. Rfb1 Ng6 13. Kf1 Nf8 14. b4 Ne6 15. a4 g6 16. Nc4 f5 17. c3 Rf8 18. Ke2 Kd7 19. Rg1 1/2-1/2

[Event "38th Barczay Memorial 2019"]
[Site "Zalakaros"]
[Date "2019.05.30"]
[Round "8.6"]
[White "Horvath, Jozsef"]
[Black "Meszaros, Tamas"]
[Result "1-0"]
[ECO "A46"]
[WhiteElo "2451"]
[BlackElo "2385"]
[Annotator "ChessBase"]
[PlyCount "49"]
[EventDate "2019.05.23"]
[EventType "swiss"]
[EventCountry "HUN"]
[SourceTitle "playchess.com"]
[Source "ChessBase"]
[SourceQuality "1"]
[TimeControl "40/5400+30:1800+30"]

1. d4 Nf6 2. Nf3 e6 3. e3 b6 4. Bd3 Bb7 5. O-O Be7 6. c4 d5 7. Nc3 O-O 8. b3 c5 9. dxc5 bxc5 10. cxd5 exd5 11. Bb2 Na6 12. Rc1 Ne4 13. Ne5 Nxc3 14. Bxc3 Bf6 15. Qg4 Bc8 16. Qh5 g6 17. Qf3 Qd6 18. Qf4 d4 19. exd4 cxd4 20. Bxd4 Rd8 21. Rc6 Qxd4 22. Qxf6 Be6 23. Rxe6 fxe6 24. Bxa6 Rd6 25. Bc4 1-0

[Event "38th Barczay Memorial 2019"]
[Site "Zalakaros"]
[Date "2019.05.30"]
[Round "8.7"]
[White "Tompa, Janos"]
[Black "Almasi, Istvan"]
[Result "1/2-1/2"]
[ECO "B06"]
[WhiteElo "2356"]
[BlackElo "2407"]
[Annotator "ChessBase"]
[PlyCount "90"]
[EventDate "2019.05.23"]
[EventType "swiss"]
[EventCountry "HUN"]
[SourceTitle "playchess.com"]
[Source "ChessBase"]
[SourceQuality "1"]
[TimeControl "40/5400+30:1800+30"]

1. e4 g6 2. Nf3 Bg7 3. d4 d6 4. Nc3 a6 5. Bg5 h6 6. Be3 b5 7. a3 Bb7 8. Qd2 Nf6 9. d5 c6 10. Bd3 cxd5 11. Nxd5 Nxd5 12. exd5 Nd7 13. c4 Nc5 14. Bxc5 dxc5 15. O-O O-O 16. Rfe1 Qd6 17. Rad1 Rab8 18. Qe3 Rfe8 19. cxb5 Bxd5 20. Bc4 e6 21. Bxd5 exd5 22. Qxe8+ Rxe8 23. Rxe8+ Kh7 24. bxa6 Qxa6 25. Rxd5 Qc6 26. Rdd8 Bxb2 27. Re7 Kg7 28. Rdd7 g5 29. Rxf7+ Kg6 30. Rc7 Qe4 31. Rfe7 Qd5 32. Rcd7 Qc6 33. Rd2 Qb6 34. h3 c4 35. Rde2 Kf6 36. a4 Ba3 37. R7e4 c3 38. Nd4 Qb1+ 39. Kh2 Bc5 40. Nc2 Kf7 41. Ne1 Kg7 42. g3 Bxf2 43. Re7+ Kf8 44. Re8+ Kf7 45. R8e7+ Kf8 1/2-1/2